 Dungeon Crawl Stone Soup version 0.31-a0-180-g519b7de00c (webtiles) character file.

Game seed: 1545695049263691932

41 qw the Chopper (level 3, -3/23 HPs)
             Began as a Gargoyle Fighter on June 19, 2023.
             Slain by Robin
             ... wielding a +2 spear of freezing
              (4 damage)
             ... on level 2 of the Dungeon.
             The game lasted 00:00:32 (1024 turns).

qw the Chopper (Gargoyle Fighter)                   Turns: 1024, Time: 00:00:32

Health: -3/23      AC: 10    Str: 21    XL:     3   Next: 52%
Magic:  3/3        EV:  9    Int:  8    God:
Gold:   29         SH:  4    Dex:  9    Spells: 2/2 levels left

rFire   . . .        Y - +1 war axe
rCold   . . .        c - +0 buckler
rNeg    + . .        b - +0 scale mail
rPois   inf          (no helmet)
rElec   +            (no cloak)
rCorr   .            (no gloves)
SInv    .            (no boots)
Will    .....        (no amulet) Stlth
                     (no ring)
HPRegen 0.23/turn    (no ring)
MPRegen 0.08/turn

%: no passive effects
@: no status effects
A: sickness immunity, AC +3, negative energy resistance 1, electricity
resistance, torment resistance 1, petrification resistance
a: no special abilities


You were on level 2 of the Dungeon.
You visited 1 branch of the dungeon, and saw 2 of its levels.

You collected 29 gold pieces.


Innate Abilities, Weirdness & Mutations

You are immune to sickness and miasma.
Your stone body is resilient. (AC +3)
You are immune to poison.
You resist negative energy. (rN+)
You are resistant to electric shocks. (rElec)
You are resistant to unholy torment.
You are immune to petrification.


   Skills:
 - Level 3.2 Fighting
 + Level 3.4 Axes
 - Level 3.2 Armour
 - Level 3.2 Shields


You had 2 spell levels left.
You didn't know any spells.
Your spell library was empty.

Inventory:

Hand Weapons
 g - a +0 mace
 Y - a +1 war axe (weapon)
Armour
 b - a +0 scale mail (worn)
 c - a +0 buckler (worn)
Potions
 a - a potion of heal wounds {unknown}
 d - a potion of might
 e - a potion of haste {unknown}

Dungeon Overview and Level Annotations

Branches:
Dungeon (2/15)

Altars:

Annotations:
D:2 Robin


Message History

The goblin goes into a battle-frenzy!
You closely miss the goblin. You closely miss the hobgoblin.
The goblin shouts!
The hobgoblin barely misses you. The goblin hits you with a +0 dagger.
You hit the goblin.
You kill the goblin!
You slash the hobgoblin!
You kill the hobgoblin!
Robin hits you but does no damage.
A worm comes into view.
Robin hits you but does no damage.
Things that are here:
a +0 dagger; a hobgoblin corpse; a goblin corpse You closely miss Robin.
Robin closely misses you. Robin hits you but does no damage.
The goblin barely misses you.
You completely miss Robin. You hit the goblin.
The goblin hits you but does no damage. Robin throws the goblin at you!
You barely miss the goblin.
The goblin is severely wounded.
You barely miss Robin. You block the goblin's attack. Robin closely misses you.
The goblin completely misses you.
Robin hits you with a +2 spear of freezing.
Robin freezes you.
You slash the goblin!
You kill the goblin!
You barely miss Robin. Robin hits you but does no damage.
You barely miss Robin. Robin hits you but does no damage.
You slash Robin!
Robin is heavily wounded.
Robin hits you but does no damage. x2
You barely miss Robin.
Robin is heavily wounded.
You hit the worm. The worm bites you.
Robin hits you with a +2 spear of freezing.
You die...

***** ********* ****
....##****,,,,,..# *,,,
###.#.,,,,,****#.#************,**
.##.#.,,,*,,,,,...,,,,,,,,,,,,,*
......,*,,,,,,,..#**************
.##.#.,,,#,*#,*#.#
.##.#.**,#.##.##.#
.##...,,,#..>...g#
###...,,,..##.##@#######
.....#***#$[...w)).....# ####.#
#..#.##)#####.# ####.# #.,#>##.#
*,* ####.# #..#.##.#****,****
####.# #..#.##.#,,,,,,,,* ####.#
##..#.##.#,***,**,* ####.#
#........#,* *,**,* ,,,,,*
#...#.####.##*,**,*


You could see a worm and Robin.

Vanquished Creatures
  A worm (D:2)
  2 dart slugs
  A ball python (D:1)
  An endoplasm (D:1)
  7 hobgoblins
  2 jackals (D:1)
  2 bats (D:1)
  2 frilled lizards (D:1)
  6 goblins
  4 kobolds
  5 rats
33 creatures vanquished.

Notes
Turn   | Place    | Note
-------+----------+-------------------------------------------
     0 | D:1      | qw the Gargoyle Fighter began the quest for the Orb.
     0 | D:1      | Reached XP level 1. HP: 14/14 MP: 1/1
     0 | D:1      | 0 ||| qw: Version: 0.3-a-7-ge0c9b40
     0 | D:1      | 0 ||| qw: Game counter: 985
     0 | D:1      | 0 ||| qw: Always use a shield: true
     0 | D:1      | 0 ||| qw: God list: Okawaru
     0 | D:1      | 0 ||| qw: Allow faded altars: false
     0 | D:1      | 0 ||| qw: Do Orc after D:15 true
     0 | D:1      | 0 ||| qw: Do second Lair branch before Depths: true
     0 | D:1      | 0 ||| qw: Lair rune preference: random
     0 | D:1      | 0 ||| qw: Plans: Normal, Zot:1-4, Slime:5, God:TSO, Crypt,
                  | Tomb, Abyss, Pan, Hells, Win
     0 | D:1      | 0 ||| PLANNING D:1-11
    56 | D:1      | 56 ||| Stepping ~*~*~tactically~*~*~ (hiding).
   162 | D:1      | Reached XP level 2. HP: 19/19 MP: 2/2
   215 | D:1      | You fall into a shaft and drop 1 floor!
   216 | D:2      | 216 ||| READING scroll labelled XUGHER BEBAACA.
   217 | D:2      | 217 ||| READING scroll labelled ZIEWUUMESHRUUP.
   218 | D:2      | 218 ||| READING scroll labelled LORIAW DAUD.
   219 | D:2      | 219 ||| READING scroll labelled DUICAU TAUX.
   224 | D:2      | 224 ||| READING scroll labelled AGHUZXIKUPA.
   226 | D:2      | 226 ||| Stepping ~*~*~tactically~*~*~ (hiding).
   342 | D:2      | 342 ||| FLEEEEING.
   343 | D:2      | 343 ||| Stepping ~*~*~tactically~*~*~ (hiding).
   476 | D:1      | Reached skill level 3 in Axes
   515 | D:1      | Reached XP level 3. HP: 19/23 MP: 3/3
  1005 | D:2      | 1005 ||| Stepping ~*~*~tactically~*~*~ (stealth).
  1006 | D:2      | 1006 ||| Stepping ~*~*~tactically~*~*~ (stealth).
  1009 | D:2      | Noticed Robin
  1020 | D:2      | HP: 4/23 [Robin/+2 spear of freezing (4)]
  1024 | D:2      | HP: 1/23 [worm (2)]
  1024 | D:2      | Slain by Robin

Levels and vault maps discovered:
D:1:      minmay_arrival_checkered_box, layout_basic, serial_corexii_hall,
          chequers_hall_statues_corner_a, chequers_hall_statues_y,
          corexii_hall_statues_deadend, chequers_hall_statues_wall_a
D:2:      layout_loops_ring, serial_shops, nicolae_square_shop, uniq_robin

Skill      XL: |  1  2 |
---------------+-------+-----
Axes           | 2 3 |  3.4
Fighting       | |  3.2
Armour         | |  3.2
Shields        | |  3.2

Action                     || total
---------------------------++-------
  Melee: War axe           ||   101
    Use: Scroll            ||     5
 Armour: Scale mail        ||    52
  Dodge: Dodged            ||    42
  Block: Buckler           ||    11

Table legend:
 A = Non-vault XP
 B = Vault XP
 C = Vault XP percentage of total XP
 D = Non-vault monster count
 E = Vault monster count
 F = Vault count percentage of total count
                 A         B        C        D         E       F
            +---------+---------+-------+---------+---------+-------
      Total |      46 |      13 |  22.0 |      26 |       7 |  21.2
            +---------+---------+-------+---------+---------+-------
        D:1 |      31 |       0 |   0.0 |      20 |       0 |   0.0
        D:2 |      15 |      13 |  46.4 |       6 |       7 |  53.8
            +---------+---------+-------+---------+---------+-------
